 Dungeon Crawl Stone Soup version 0.16.1-11-g651b585 (webtiles) character file.

793 KarvaRausku the Conjurer (level 7, -12/50 HPs)
             Began as a Black Draconian Conjurer on Apr 7, 2015.
             Was a Follower of Sif Muna.
             Mangled by an ogre
             ... wielding a +0 giant spiked club
              (27 damage)
             ... on level 4 of the Dungeon.
             The game lasted 00:17:23 (4506 turns).

KarvaRausku the Conjurer (Black Draconian Conjurer) Turns: 4506, Time: 00:17:23

Health: -12/50     AC:  7    Str: 10    XL:     7   Next: 57%
Magic:  2/17       EV: 13    Int: 17    God:    Sif Muna [*.....]
Gold:   242        SH:  0    Dex: 12    Spells: 4 memorised, 4 levels left

rFire  . . .     SeeInvis .     t - staff of death
rCold  . . .     Clarity  .     (armour unavailable)
rNeg   + . .     SustAb   .     (no shield)
rPois  .         Gourm    .     n - +1 hat
rElec  +         Spirit   .     (no cloak)
rCorr  .         Warding  .     (no gloves)
rMut   .         Stasis   .     (no boots)
MR     .....                    (no amulet)
Stlth  +++.......               (no ring)
                                j - ring of stealth

@: not resistant to hostile enchantments, fairly stealthy
A: breathe lightning, unfitting armour, electricity resistance, cold-blooded, AC
+6
a: Breathe Lightning, Channel Energy, Renounce Religion


You were on level 4 of the Dungeon.
You worshipped Sif Muna.
Sif Muna was aware of your devotion.
You were not hungry.

You visited 2 branches of the dungeon, and saw 6 of its levels.

You collected 242 gold pieces.

Inventory:

Armour
 n - a +1 hat (worn)
Magical staves
 t - an uncursed staff of death (weapon)
Jewellery
 j - a ring of stealth (left hand)
Scrolls
 g - 3 scrolls of teleportation {unknown}
 l - 2 scrolls of enchant armour {unknown}
 m - a scroll of remove curse {unknown}
 o - a scroll of silence {unknown}
 s - 2 scrolls of recharging {unknown}
 x - a scroll of magic mapping {unknown}
Potions
 d - a potion of mutation {unknown}
 e - a potion of agility {unknown}
 f - a potion of resistance {unknown}
 h - 2 potions of cancellation {unknown}
 i - 4 potions of curing {unknown}
 k - a potion of restore abilities {unknown}
 q - a potion of lignification {unknown}
 r - a potion of might {unknown}
 v - 2 potions of heal wounds {unknown}
Books
 c - a book of Conjurations

   Spells                             Type                      Level
   a - Magic Dart                     Conjuration                  1
   b - Searing Ray                    Conjuration                  2
   c - Dazzling Spray                 Conjuration/Hexes            3
   d - Fulminant Prism                Conjuration/Hexes            4
   e - Iskenderun's Mystic Blast      Conjuration                  4
   f - Iskenderun's Battlesphere      Conjuration/Charms           5
Comestibles
 a - 2 meat rations
 b - 2 bread rations
 p - a royal jelly
 u - a beef jerky


   Skills:
 * Level 4.0 Dodging
 + Level 3.5 Stealth
 * Level 4.5 Spellcasting
 + Level 5.3 Conjurations
 + Level 2.3 Hexes
 + Level 1.5 Charms


You had 4 spell levels left.
You knew the following spells:

 Your Spells              Type           Power        Failure   Level  Hunger
a - Magic Dart            Conj           ###.         1%          1    None
b - Searing Ray           Conj           ###...       2%          2    ##.....
c - Dazzling Spray        Conj/Hex       ###.....     12%         3    ###....
d - Iskenderun's Battles  Conj/Chrm      ###.....     89%         5    ######.


Dungeon Overview and Level Annotations

Branches:
Dungeon (5/15)             Temple (1/1) D:4

Altars:
Ashenzari
Cheibriados
Elyvilon
Kikubaaqudgha
Makhleb
Nemelex Xobeh
Okawaru
Qazlal
Ru
Sif Muna
Trog
Vehumet
Xom
The Shining One

Shops:
D:4 !


Innate Abilities, Weirdness & Mutations

You can breathe wild blasts of lightning.
Your glossy black scales are hard (AC +6).
Your body does not fit into most forms of armour.
You are resistant to electric shocks.
Your cold-blooded metabolism reacts poorly to cold.


Message History

The ogre is severely wounded.
The ogre hits you with a giant spiked club!
You see here a scroll labeled UCWAUKH NAAJ.
Things that are here:
a ring mail; a mace You see here a falchion.
Casting: Searing Ray
Confirm with . or Enter, or press ? or * to list all spells.
Aiming: Searing Ray
Press: ? - help, Shift-Dir - straight line, f/p - ogre
Aim: an ogre, wielding a giant spiked club (severely wounded)
The searing ray hits the ogre.
The ogre is severely wounded.
The ogre hits you with a giant spiked club!
* * * LOW HITPOINT WARNING * * *
The searing ray hits the ogre.
The ogre is almost dead.
The ogre hits you with a giant spiked club!!
Ouch! That really hurt!
You die...

....##.### #......#).....##
#.#......###..............##
...####....................#
.#...###.....#.............#
.#>..#####..#.........>....#
.#...##....[..###..........#
.#...#..##...## #..........#
.....#.###...#####....)...##
..............lO@.........##
.......##...#####....[<....#
..#...###.).# #........†.#
....#####...### #..........#
.#[#####......# #..........#
...........##.# #..........#
........#..##.# ##.....∩..##
......)##.###.## ##......##
......<#### #..# ########


You could see an ogre and a giant newt.

Vanquished Creatures
  2 ogres
  2 centaurs (D:5)
  A crimson imp (D:5)
  A centaur skeleton (D:5)
  4 orc wizards (D:4)
  3 worker ants
  3 gnolls (D:2)
  8 adders
  A giant mite (D:1)
  4 worms
  3 giant geckos
  8 orcs
  7 bats
  5 giant cockroaches
  16 goblins
  9 hobgoblins
  8 jackals
  A quokka (D:4)
  2 ball pythons
  A giant gecko zombie (D:5)
  2 giant newts
  9 kobolds
  7 rats
107 creatures vanquished.

Notes
Turn   | Place    | Note
--------------------------------------------------------------
     0 | D:1      | KarvaRausku, the Draconian Conjurer, began the quest for the Orb.
     0 | D:1      | Reached XP level 1. HP: 14/14 MP: 3/3
   232 | D:1      | Reached XP level 2. HP: 20/20 MP: 0/5
   249 | D:1      | Learned a level 2 spell: Searing Ray
   702 | D:1      | Reached XP level 3. HP: 26/26 MP: 2/6
  1043 | D:2      | Learned a level 3 spell: Dazzling Spray
  1236 | D:2      | Reached XP level 4. HP: 26/33 MP: 2/8
  1685 | D:2      | Reached skill level 1 in Hexes
  2108 | D:3      | Reached XP level 5. HP: 38/38 MP: 1/11
  2318 | D:3      | Found a burning altar of Makhleb.
  2459 | D:3      | Found a bloodstained altar of Trog.
  2910 | D:4      | Found Craraum's Distillery.
  3024 | D:4      | Found a staircase to the Ecumenical Temple.
  3043 | Temple   | Entered the Ecumenical Temple
  3137 | Temple   | Became a worshipper of Sif Muna the Loreminder
  3409 | D:4      | Reached XP level 6. HP: 45/45 MP: 2/13
  3418 | D:4      | Learned a level 5 spell: Iskenderun's Battlesphere
  3554 | D:5      | Entered Level 5 of the Dungeon
  3752 | D:5      | Reached skill level 5 in Conjurations
  3979 | D:5      | Reached skill level 1 in Charms
  3979 | D:5      | Your scales start taking on a glossy black colour.
  3979 | D:5      | Gained mutation: You are resistant to electric shocks. [draconian maturity]
  3979 | D:5      | Reached XP level 7. HP: 50/50 MP: 9/17
  4456 | D:4      | Acquired Sif Muna's first power
  4506 | D:4      | Mangled by an ogre

Action                   |  1- 3 |  4- 6 |  7- 9 || total
-------------------------+-------+-------+-------++-------
Melee: Unarmed           |    81 |    56 |       ||   137
       Staff             |       |    13 |     8 ||    21
 Cast: Magic Dart        |    60 |   112 |    22 ||   194
       Searing Ray       |     3 |    23 |     8 ||    34
       Dazzling Spray    |       |     6 |       ||     6
  Eat: Chunk             |     2 |     9 |     2 ||    13
       Fruit             |       |     1 |       ||     1
